 Dungeon Crawl Stone Soup version 0.28.0-53-g5a82cb258f (webtiles) character file.

Game seed: 3196824652388071453

8361 Gabide the Fighter (level 11, -9/92 HPs)
             Began as a Mummy Berserker on June 3, 2022.
             Was an Elder of Trog.
             Mangled by a death yak (19 damage)
             ... on level 11 of the Dungeon.
             The game lasted 00:22:02 (9677 turns).

Gabide the Fighter (Mummy Berserker)                Turns: 9677, Time: 00:22:04

Health: -9/92      AC: 23    Str: 25    XL:     11   Next: 8%
Magic:  11/11      EV: 15    Int:  7    God:    Trog [****..]
Gold:   615        SH:  0    Dex: 11    Spells: 10/10 levels left

rFire   x . .      SeeInvis .   n - +7 staff of the Meek {protect, meekguard}
rCold   + . .      Faith    +   (shield currently unavailable)
rNeg    + + +      Spirit   .   e - +2 robe "Ezadacuc" {Drain +Inv Regen+ Slay+3}
rPois   ∞          Reflect  .   h - +2 helmet
rElec   .          Harm     .   (no cloak)
rCorr   .          Rampage  .   v - +0 pair of gloves
Will    +....                   z - +0 pair of boots
Stlth   +.........              i - amulet of faith
HPRegen 1.05/turn               x - ring of flight
MPRegen 0.12/turn               (no ring)

@: under a protective aura, flying
A: cold resistance 1, negative energy resistance 3, torment resistance 2, heat
vulnerability 1, no potions
a: Renounce Religion, Evoke Invisibility, Trog's Hand, Brothers in Arms


You were on level 11 of the Dungeon.
You worshipped Trog.
Trog was greatly pleased with you.
You visited 1 branch of the dungeon, and saw 11 of its levels.

You collected 615 gold pieces.

Inventory:

Hand Weapons
 c - a +2 hunting sling of freezing
 n - the +7 staff of the Meek (weapon) {protect, meekguard}
   (You found it on level 6 of the Dungeon)

   It grants its wielder temporary protection when it strikes (+7 to AC).
   It provides extra protection to wielders with little health.
Missiles
 l - 47 sling bullets
 t - 20 poisoned darts (quivered)
 u - an atropa-tipped dart
Armour
 e - the +2 robe "Ezadacuc" (worn) {Drain +Inv Regen+ Slay+3}
   (You found it on level 2 of the Dungeon)

   Slay:      It affects your accuracy & damage with ranged weapons and melee
   (+3).
   +Inv:      It lets you turn invisible.
   Regen:     It increases your rate of health regeneration.
   Drain:     It drains your maximum health when unequipped.
 h - a +2 helmet (worn)
 v - a +0 pair of gloves (worn)
 w - a +0 troll leather armour
 z - a +0 pair of boots (worn)
Jewellery
 i - an amulet of faith (around neck)
 x - a ring of flight (left hand)
Wands
 a - a wand of flame (40)
 p - a wand of acid (9)
 q - a wand of charming (3)
 s - a wand of iceblast (4)
Scrolls
 d - a scroll of fear
 f - 2 scrolls of teleportation
 g - 3 scrolls of noise
 j - a scroll of acquirement {unknown}
 k - 2 scrolls of magic mapping
 m - a scroll of vulnerability {unknown}
 o - a scroll of blinking
 r - a scroll of silence {unknown}
 y - a scroll of immolation {unknown}


   Skills:
 + Level 10.4 Fighting
 - Level 1.5 Armour
 + Level 8.6 Dodging
 + Level 8.8 Unarmed Combat


You had 10 spell levels left.
You didn't know any spells.
Your spell library was empty.

Dungeon Overview and Level Annotations

Branches:
Dungeon (11/15)            Temple (0/1) D:5
   Lair: D:8-11         Orc: D:9-12

Altars:
Zin
Beogh

Shops:
D:5 (   D:6 (


Innate Abilities, Weirdness & Mutations

You are immune to poison.
Your flesh is cold resistant. (rC+)
You are immune to negative energy. (rN+++)
You are immune to unholy pain and torment.
You are vulnerable to heat. (rF-)
You do not drink.


Message History

The death yak completely misses you.
You hit the death yak but do no damage.
The death yak is severely wounded.
The death yak gores you!
You hit the death yak.
The death yak is severely wounded.
The death yak snorts and paws the ground.
The death yak gores you. The death yak gores you!
Throw: 3 darts (atropa)
Press: ? - help, Q - select action, (/) - cycle Shift-Dir - straight line, f/p - death yak
Aim: a death yak (severely wounded, 81% to hit, chance to blind on hit: 3%)
You throw an atropa-tipped dart.
The atropa-tipped dart hits the death yak.
The death yak appears confused.
The death yak is severely wounded.
The vampire mosquito buzzes angrily.
You hear a bellow! x2
Throw: 2 darts (atropa)
Press: ? - help, Q - select action, (/) - cycle Shift-Dir - straight line, f - death yak, p - death yak
Aim: a death yak (81% to hit, chance to blind on hit: 3%)
You throw an atropa-tipped dart.
The atropa-tipped dart hits the death yak.
The death yak resists.
The death yak seems less confused.
Throw: throwing net
Press: ? - help, Q - select action, (/) - cycle Shift-Dir - straight line, f/p - death yak
Aim: a death yak (81% to hit)
You throw a throwing net.
The throwing net completely misses the death yak.
The death yak gores you!
You are already wielding that!
You hit the death yak but do no damage. The death yak gores you!
* * * LOW HITPOINT WARNING * * *
You hit the death yak.
The death yak is lightly wounded.
The death yak gores you!!
* * * LOW HITPOINT WARNING * * *
A death yak comes into view. x2
The death yak gores you!!
You die...

#.# ##.# #..#
#####.#######
####............
+..<.###.#######
########.#####
#......#
#@####.# ##Y#
#.y# #'##
#..........
.....Y....Y..
....#..Y.......
... #...$......
.. #..........


You could see 3 death yaks and a vampire mosquito.

Vanquished Creatures
  Harold (D:6)
  A two-headed ogre (D:10)
  A gargoyle (D:7)
  3 kobold demonologists (D:8)
  2 trolls
  9 yaks (D:10)
  A shadow (D:10)
  2 wraiths
  A steam dragon (D:7)
  Duvessa (D:4)
  A hornet zombie (D:7)
  2 ice beasts
  A black bear (D:4)
  3 necrophages (D:5)
  2 ogres
  2 orc warriors
  A centaur (D:5)
  A gnoll sergeant (D:9)
  3 kobold brigands
  A bullfrog (D:8)
  A wyvern zombie (D:5)
  A scorpion (D:6)
  Dowan (D:4)
  A water moccasin skeleton (D:6)
  11 killer bees (D:9)
  3 howler monkeys
  7 wights
  2 hounds
  A bullfrog zombie (D:5)
  3 centaur zombies
  4 orc priests
  2 jellies
  4 iguanas
  8 orc wizards
  11 gnolls
  2 adders
  A shadow imp (D:6)
  2 worms
  40 orcs
  6 bats
  7 endoplasms
  A giant cockroach (D:1)
  5 goblins
  7 hobgoblins
  2 jackals (D:2)
  18 kobolds
  4 quokkas
  3 ball pythons (D:1)
  7 frilled lizards (D:1)
  5 rats
209 creatures vanquished.

Notes
Turn   | Place    | Note
-------+----------+-------------------------------------------
     0 | D:1      | Gabide the Mummy Berserker began the quest for the Orb.
     0 | D:1      | Reached XP level 1. HP: 18/18 MP: 1/1
   399 | D:1      | Reached XP level 2. HP: 15/24 MP: 2/2
   954 | D:1      | Reached XP level 3. HP: 29/29 MP: 3/3
  1017 | D:1      | Found a faded altar of an unknown god.
  1343 | D:2      | Identified the +2 robe "Ezadacuc" {Drain +Inv Regen+
                  | Slay+3}
  1343 | D:2      | You fall into a shaft and drop 1 floor!
  2388 | D:3      | Reached ** piety under Trog
  2389 | D:3      | Reached XP level 4. HP: 37/37 MP: 4/4
  2905 | D:4      | Noticed an ogre
  2916 | D:4      | Killed an ogre
  2917 | D:4      | Reached skill level 4 in Fighting
  2917 | D:4      | Reached XP level 5. HP: 23/42 MP: 5/5
  3213 | D:4      | Noticed Dowan
  3215 | D:4      | Noticed Duvessa
  3391 | D:4      | Noticed a black bear
  3404 | D:4      | Killed a black bear
  3405 | D:4      | Reached XP level 6. HP: 42/49 MP: 6/6
  3940 | D:4      | Killed Duvessa
  3948 | D:4      | Killed Dowan
  3949 | D:4      | Reached skill level 5 in Fighting
  4013 | D:5      | Entered Level 5 of the Dungeon
  4097 | D:5      | Reached XP level 7. HP: 56/56 MP: 7/7
  4207 | D:5      | Found a staircase to the Ecumenical Temple.
  4235 | D:5      | Reached skill level 6 in Fighting
  4276 | D:5      | Reached skill level 5 in Unarmed Combat
  4365 | D:5      | Reached XP level 8. HP: 64/64 MP: 8/8
  4423 | D:5      | Reached skill level 5 in Dodging
  4513 | D:5      | Reached *** piety under Trog
  4844 | D:5      | Found Zyev Sih's Antique Weapon Shop.
  5406 | D:6      | Reached skill level 7 in Fighting
  5444 | D:6      | Found Qiepem's Antique Weapon Emporium.
  5837 | D:6      | Found the +7 staff of the Meek {protect, meekguard}
  5869 | D:7      | Noticed Harold
  5978 | D:6      | Killed Harold
  5979 | D:6      | Reached XP level 9. HP: 51/74 MP: 9/9
  6174 | D:7      | Reached skill level 8 in Fighting
  6417 | D:7      | Reached **** piety under Trog
  6457 | D:7      | Noticed a gargoyle
  6465 | D:7      | Killed a gargoyle
  7631 | D:9      | Reached XP level 10. HP: 62/82 MP: 10/10
  7704 | D:9      | Noticed a rust devil
  7712 | D:9      | Noticed a smoke demon
  7769 | D:8      | Noticed a soul eater
  7770 | D:8      | Noticed a sixfirhy
  7771 | D:8      | Reached skill level 9 in Fighting
  7829 | D:8      | Noticed an orange demon
  8937 | D:10     | Entered Level 10 of the Dungeon
  9028 | D:10     | Reached skill level 10 in Fighting
  9062 | D:10     | Noticed a two-headed ogre
  9094 | D:10     | Killed a two-headed ogre
  9332 | D:10     | Reached XP level 11. HP: 80/92 MP: 11/11
  9655 | D:11     | Noticed a death yak
  9655 | D:11     | Noticed a death yak
  9677 | D:11     | Noticed a death yak
  9677 | D:11     | Noticed a death yak
  9677 | D:11     | Mangled by a death yak

Illustrated notes

Levels and vault maps discovered:
D:1:      psy_arrival_spokes, layout_basic,
          hellmonk_ecumenical_altar_leap_of_faith
D:2:      layout_rooms
D:3:      layout_loops_ring
D:4:      layout_basic, mainiacjoe_overflow_boulevard, uniq_duvessa
D:5:      layout_cave_pods, minmay_temple_entry_proselytizer, serial_shops,
          kennysheep_little_box
D:6:      layout_loops_ring, serial_shops, shop, nrook_loot_triangle,
          pf_guarded_unrand_meek
D:7:      nicolae_cairo_tiling_large_dashed, layout_loops_ring, minivault_25,
          skrybe_limestone_x, uniq_harold
D:8:      layout_basic, minivault_14, serial_park_tiny_2, minmay_misc_feat_tiny,
          minivault_10
D:9:      layout_loops_corners
D:10:     layout_cave_pools, nicolae_concentric_dashed_squares_wild,
          minmay_misc_feat_room
D:11:     layout_roguey, dpeg_lair_monsters, hiddenorc2_lemuel, serial_shops,
          nicolae_shop_crystal, uniq_erolcha, uniq_maurice, uniq_erica,
          uniq_snorg

Skill      XL: |  1  2  3  4  5  6  7  8  9 10 |
---------------+-------------------------------+-----
Dodging        | 2 3 4 6 7 8 |  8.6
Unarmed Combat | 3 4 5 6 7 8 |  8.8
Fighting       | 4 5 6 7 8 10 | 10.4
Armour         | |  1.5

Action                   |  1- 3 |  4- 6 |  7- 9 | 10-12 || total
-------------------------+-------+-------+-------+-------++-------
Melee: Unarmed           |   121 |    15 |       |       ||   136
       Punch             |     1 |       |     7 |       ||     8
       Flail             |       |    26 |    89 |       ||   115
       Quarterstaff      |       |       |   171 |   208 ||   379
 Fire: Hunting sling     |    30 |    71 |    70 |    16 ||   187
Throw: Throwing net      |       |       |     1 |     6 ||     7
       Dart              |       |       |       |     7 ||     7
Evoke: Wand              |       |       |       |     3 ||     3
  Use: Scroll            |       |     6 |     3 |     4 ||    13
 Stab: Held in net/web   |       |       |     1 |       ||     1
Armor: Animal skin       |    14 |       |       |       ||    14
       Leather armour    |     6 |       |       |       ||     6
       Robe              |       |    23 |   110 |   105 ||   238
Dodge: Dodged            |    79 |    44 |   207 |   231 ||   561
